 Dungeon Crawl Stone Soup version 0.23-a0-612-gcb482e9 (webtiles) character file.

16788 Lanoc the Devastator (level 12, -18/59 HPs)
             Began as a Deep Elf Conjurer on Dec 21, 2018.
             Was an Elder of Sif Muna.
             Hit by a large rock thrown by a cyclops (41 damage)
             ... on level 12 of the Dungeon on Dec 22, 2018.
             The game lasted 01:27:48 (13774 turns).

Lanoc the Devastator (Deep Elf Conjurer)           Turns: 13774, Time: 01:27:49

Health: -18/59     AC:  2    Str:  5    XL:     12   Next: 13%
Magic:  29/40      EV: 27    Int: 26    God:    Sif Muna [****..]
Gold:   858        SH:  5    Dex: 20    Spells: 20/37 levels left

rFire    . . .     SeeInvis .   O - staff of wizardry
rCold    . . .     Gourm    .   (no shield)
rNeg     . . .     Faith    .   A - +0 robe (curse)
rPois    .         Spirit   .   x - +0 hat
rElec    .         Reflect  +   (no cloak)
rCorr    .         Harm     .   (no gloves)
MR       +....                  (no boots)
Stlth    +++.......             h - +5 amulet of reflection
HPRegen  0.19/turn              t - ring of wizardry
MPRegen  0.27/turn              v - ring of magical power

@: agile
A: no striking features
a: Divine Energy, Channel Magic, Forget Spell, Renounce Religion


You were on level 12 of the Dungeon.
You worshipped Sif Muna.
Sif Muna was greatly pleased with you.
You were not hungry.

You visited 4 branches of the dungeon, and saw 15 of its levels.
You also visited: Ossuary.

You collected 858 gold pieces.

Inventory:

Hand Weapons
 s - a +2 dagger of holy wrath
 B - a +5 morningstar of freezing
 L - a +1 demon whip of freezing
Armour
 r - a +3 leather armour of fire resistance
 x - a +0 hat (worn)
 A - a cursed +0 robe (worn)
 N - a +0 troll leather armour
Magical Staves
 O - an uncursed staff of wizardry (weapon)
Jewellery
 f - an uncursed ring of protection from cold
 h - a +5 amulet of reflection (around neck)
 t - a ring of wizardry (left hand)
 v - a ring of magical power (right hand)
 F - a +4 ring of protection
 M - an uncursed ring of stealth
Wands
 g - a wand of flame (41)
 i - a wand of iceblast (7)
 n - a wand of acid (9)
 z - a wand of clouds (6)
 I - a wand of paralysis (9)
Scrolls
 b - 2 scrolls of immolation
 e - a scroll of fear
 m - 2 scrolls of teleportation
 o - 2 scrolls of enchant armour {unknown}
 p - a scroll of enchant weapon
 q - 4 scrolls of remove curse
 y - a scroll of fog
 E - 2 scrolls of amnesia
 H - 2 scrolls of blinking
 J - a scroll of vulnerability
Potions
 a - a potion of berserk rage
 j - 3 potions of agility
 k - 4 potions of lignification
 l - 2 potions of ambrosia
 w - 2 potions of haste
 C - 3 potions of curing
 D - 2 potions of brilliance
 G - a potion of might
Comestibles
 c - 30 rations
 u - 12 chunks of flesh


   Skills:
 + Level 12.0 Dodging
 - Level 2.4 Stealth
 + Level 13.0 Spellcasting
 * Level 15.2 Conjurations


You had 20 spell levels left.
You knew the following spells:

 Your Spells              Type           Power        Failure   Level  Hunger
a - Magic Dart            Conj           ####         0%          1    None
b - Searing Ray           Conj           ######       0%          2    None
c - Iskenderun's Mystic   Conj           #######.     1%          4    None
d - Force Lance           Conj/Tloc      ######..     1%          4    None
e - Ensorcelled Hibernat  Hex/Ice        ###...       1%          2    None
f - Tukima's Dance        Hex            ###.....     2%          3    None
g - Animate Skeleton      Necr           N/A          1%          1    None

Your spell library contained the following spells:

 Spells                   Type           Power        Failure   Level  Hunger
 Apportation              Tloc           ###...       1%          1    None
 Confusing Touch          Hex            ###...       1%          1    None
 Corona                   Hex            ###....      1%          1    None
 Summon Small Mammal      Summ           ###.         1%          1    None
 Dazzling Spray           Conj/Hex       ######       1%          3    None
 Fulminant Prism          Conj/Hex       ######....   1%          4    None
 Confuse                  Hex            ###.....     2%          3    None


Dungeon Overview and Level Annotations

Branches:
Dungeon (12/15)            Temple (1/1) D:6            Lair (1/6) D:10
    Orc (1/2) D:9

Altars:
Ashenzari
Cheibriados
Dithmenos
Elyvilon
Fedhas
Gozag
Hepliaklqana
Kikubaaqudgha
Makhleb
Nemelex Xobeh
Okawaru
Qazlal
Ru
Sif Muna
Trog
Uskayaw
Vehumet
Wu Jian
Xom
Yredelemnul
Zin
The Shining One

Annotations:
D:9 Orc mines load of orcs beside stairs


Message History

You destroy the centaur warrior skeleton!
Sif Muna accepts your kill.
Your Dodging skill increases to level 12!
Casting: Searing Ray (safe; 0% risk of failure)
Confirm with . or Enter, or press ? or * to list all spells.
Aiming: Searing Ray (safe; 0% risk of failure)
Press: ? - help, Shift-Dir - straight line, f - cyclops
Aim: a cyclops The searing ray hits the cyclops.
The cyclops is lightly wounded. (Press . to maintain the ray.)
The cyclops throws a large rock.
The large rock completely misses you.
The searing ray hits the cyclops.
The cyclops is lightly wounded.
The cyclops throws a large rock.
The large rock hits you!!
* * * LOW HITPOINT WARNING * * *
You feel agile all of a sudden.
You feel better.
The cyclops throws a large rock.
The large rock hits you!!!
Ouch! That really hurt!
You die...

.......#######......# ##...#
...................#########..###
..........................#).##
..........................(.##
........#######...#####.....#
.....#### ##.(# ####..# ...###
#..# #..# ..## #..# #..# ...#
#@.# #..# ...# #..# #..# #...#
#..## #..# ##...# ##...### #..#
#...# ###C.....#####..#
#...######..........##...#
#...#........##.........#####
#............###............
#...C###.....# ###.......###


You could see a cyclops.

Vanquished Creatures
  Gastronok (D:8)
  A hydra (D:9)
  3 two-headed ogres
  An unseen horror (D:8)
  Pikel (D:4)
  An elephant (D:10)
  A komodo dragon (Lair:1)
  2 trolls
  5 hippogriffs
  3 blink frogs (Lair:1)
  2 dream sheep (D:9)
  A shadow (D:12)
  A wyvern (D:12)
  2 basilisks (D:10)
  2 humans (D:7)
  A steam dragon (D:11)
  8 yaks
  A warg (Orc:1)
  A water moccasin (Lair:1)
  Duvessa (D:4)
  3 orc warriors
  A porcupine (Lair:1)
  2 black bears (D:8)
  A sky beast (D:10)
  2 phantoms
  The ghost of Leeroy the Charmwright, an amateur GnSk (D:3)
  An eye of draining (D:10)
  A necrophage (D:10)
  2 centaurs
  10 ogres
  A crocodile (D:11)
  6 big kobolds
  4 bullfrogs
  A water moccasin zombie (D:9)
  An elf skeleton (D:6)
  A wyvern zombie (D:11)
  Dowan (D:4)
  A wyvern skeleton (D:9)
  2 scorpions
  5 wights (D:9)
  3 howler monkeys
  4 crimson imps
  2 bullfrog zombies
  2 hounds
  A quasit (D:10)
  4 gnoll shamans (D:3)
  3 centaur zombies
  A jelly (D:11)
  2 human zombies
  8 orc priests
  12 orc wizards
  2 bullfrog skeletons
  4 centaur skeletons
  Natasha (thrice) (D:3)
  4 iguanas
  Terence (D:3)
  2 worker ants
  A big kobold zombie (Ossuary)
  A hound skeleton (D:11)
  3 mummies (Ossuary)
  2 howler monkey zombies
  A worker ant zombie (D:10)
  Robin (D:3)
  A howler monkey skeleton (D:4)
  40 gnolls
  11 adders
  2 shadow imps
  2 oozes
  6 adder zombies
  4 worms
  3 dart slugs
  9 leopard geckos
  61 orcs
  3 ball pythons
  6 giant cockroaches
  15 goblins
  9 hobgoblins
  33 jackals
  20 kobolds
  3 quokkas
  4 bats
  9 frilled lizards
  4 goblin zombies (Ossuary)
  A hobgoblin zombie (Ossuary)
  4 jackal zombies (Ossuary)
  A kobold zombie (Ossuary)
  2 leopard gecko zombies
  2 orc skeletons (D:6)
  6 orc zombies
  3 quokka zombies (Ossuary)
  7 rats
  6 rat zombies (Ossuary)
430 creatures vanquished.

Vanquished Creatures (others)
  An orc (Orc:1)
  A fungus (Lair:1)
  5 plants (Lair:1)
7 creatures vanquished.

Grand Total: 437 creatures vanquished

Notes
Turn   | Place    | Note
-------+----------+-------------------------------------------
     0 | D:1      | Lanoc the Deep Elf Conjurer began the quest for the Orb.
     0 | D:1      | Reached XP level 1. HP: 10/10 MP: 6/6
   166 | D:1      | Reached XP level 2. HP: 15/15 MP: 0/8
   372 | D:1      | Learned a level 2 spell: Searing Ray
   682 | D:2      | Reached skill level 5 in Conjurations
   762 | D:2      | Reached XP level 3. HP: 19/19 MP: 7/9
   990 | D:2      | Reached XP level 4. HP: 24/24 MP: 4/12
   996 | D:2      | Found a glowing golden altar of the Shining One.
  1197 | D:2      | Reached XP level 5. HP: 21/28 MP: 2/13
  1397 | D:2      | Reached skill level 6 in Conjurations
  1874 | D:3      | Learned a level 4 spell: Iskenderun's Mystic Blast
  1879 | D:3      | Learned a level 4 spell: Force Lance
  1883 | D:3      | Found a large runed door.
  1883 | D:3      | Found a large runed door.
  1886 | D:3      | Noticed Leeroy's ghost (amateur GnSk)
  1946 | D:3      | Noticed Robin
  1975 | D:3      | Reached XP level 6. HP: 17/32 MP: 4/15
  1976 | D:3      | Noticed Natasha
  1999 | D:3      | Killed Natasha
  1999 | D:3      | Reached skill level 5 in Spellcasting
  2338 | D:3      | Killed Robin
  2679 | D:3      | Reached skill level 7 in Conjurations
  2689 | D:3      | Found an opulent altar of Gozag.
  2763 | D:3      | Noticed Natasha
  2769 | D:3      | Killed Natasha
  3073 | D:3      | Noticed Natasha
  3076 | D:3      | Killed Natasha
  3121 | D:3      | Reached XP level 7. HP: 36/36 MP: 10/17
  3136 | D:3      | Reached skill level 5 in Dodging
  3555 | D:3      | Noticed Terence
  3579 | D:3      | Killed Terence
  3756 | D:3      | Reached skill level 8 in Conjurations
  4391 | D:3      | Killed Leeroy's ghost
  4458 | D:4      | Reached XP level 8. HP: 41/41 MP: 9/20
  4485 | D:4      | Noticed Pikel
  4505 | D:4      | Killed Pikel
  4505 | D:4      | Reached skill level 9 in Conjurations
  4593 | D:4      | Noticed Duvessa
  4601 | D:4      | Noticed Dowan
  4616 | D:4      | Killed Duvessa
  4618 | D:4      | Killed Dowan
  5067 | D:4      | Found a stormy altar of Qazlal.
  5202 | D:5      | Entered Level 5 of the Dungeon
  5268 | D:5      | Reached skill level 10 in Conjurations
  5477 | D:5      | Reached XP level 9. HP: 37/45 MP: 10/23
  5856 | D:6      | Found a sand-covered staircase.
  5899 | Ossuary  | Entered an ossuary
  6831 | D:6      | Found a basalt altar of Yredelemnul.
  6891 | D:6      | Found a staircase to the Ecumenical Temple.
  6970 | D:6      | Found a bloodstained altar of Trog.
  7000 | Temple   | Entered the Ecumenical Temple
  7196 | Temple   | Became a worshipper of Sif Muna the Loreminder
  7275 | D:7      | Reached skill level 11 in Conjurations
  7387 | D:7      | Found a radiant altar of Vehumet.
  7420 | D:7      | Found a blossoming altar of Fedhas.
  7491 | D:7      | Found a sparkling altar of Nemelex Xobeh.
  7569 | D:7      | Found an iron altar of Okawaru.
  7988 | D:8      | Reached * piety under Sif Muna
  8177 | D:8      | Noticed Gastronok
  8297 | D:8      | Killed Gastronok
  8297 | D:8      | Reached skill level 10 in Spellcasting
  8297 | D:8      | Reached skill level 12 in Conjurations
  8297 | D:8      | Reached XP level 10. HP: 12/50 MP: 5/26
  8945 | D:8      | Reached ** piety under Sif Muna
  9097 | D:8      | Killed an unseen horror
  9448 | D:9      | Found a sacrificial altar of Ru.
  9519 | D:9      | Reached skill level 10 in Dodging
  9537 | D:9      | Reached skill level 13 in Conjurations
  9828 | D:9      | Noticed a two-headed ogre
  9837 | D:9      | Killed a two-headed ogre
  9837 | D:9      | Reached XP level 11. HP: 53/54 MP: 10/28
  9949 | D:9      | Found a staircase to the Orcish Mines.
  9957 | D:9      | Reached *** piety under Sif Muna
 10084 | D:9      | Found a shadowy altar of Dithmenos.
 10336 | D:9      | Noticed a three-headed hydra
 10349 | D:9      | Killed a three-headed hydra
 10454 | D:10     | Entered Level 10 of the Dungeon
 10706 | D:10     | Noticed a two-headed ogre
 10715 | D:10     | Killed a two-headed ogre
 10853 | D:10     | Found a staircase to the Lair.
 10887 | D:10     | Reached skill level 14 in Conjurations
 11030 | D:10     | Noticed a two-headed ogre
 11037 | D:10     | Killed a two-headed ogre
 11468 | D:11     | Reached **** piety under Sif Muna
 12819 | Orc:1    | Entered Level 1 of the Orcish Mines
 12863 | Orc:1    | Noticed an orc warlord
 12989 | Lair:1   | Entered Level 1 of the Lair of Beasts
 13162 | Lair:1   | Reached skill level 15 in Conjurations
 13361 | D:10     | Learned a level 2 spell: Ensorcelled Hibernation
 13365 | D:10     | Learned a level 3 spell: Tukima's Dance
 13368 | D:10     | Learned a level 1 spell: Animate Skeleton
 13452 | D:12     | Reached XP level 12. HP: 45/59 MP: 26/30
 13774 | D:12     | Hit by a large rock thrown by a cyclops

Vault maps used:
D:1:      matt_arrival_refuge, minmay_tetromino_o2
D:2:      nicolae_tso_swordbearing_angel, first_ration, st_stairs_9
D:3:      lemuel_castle_with_subvaults, ebering_ghost_disaster_area,
          nicolae_gozag_seed_capital, uniq_terence, uniq_natasha, uniq_robin
D:4:      lemuel_doored_altar, uniq_pikel, uniq_duvessa
D:6:      lightli_temple_of_fire, nicolae_overflow_crystal_walls,
          minmay_temple_entry_glassed_door, nicolae_ossuary_entry_catacombs
D:7:      vehumet_altar_wand_db, fedhas_altar_4,
          nemelex_xobeh_ov_fountains_minmay, okawaru_humans
D:8:      uniq_gastronok
D:9:      nicolae_ru_path_of_blood, nicolae_dithmenos_through_a_glass_darkly,
          hiddenorc2_lemuel, hangedman_ranch
D:10:     david_lair_generic
D:11:     kennysheep_generic_room_2
Temple:   chequers_temple_sunken
Lair:1:   ebering_ghost_disaster_area, minivault_23, serial_bayou_pond_b,
          infiniplex_staircase_pool_2
Orc:1:    special_room
Ossuary:  minmay_ossuary_two_tombs

Skill      XL: |  1  2  3  4  5  6  7  8  9 10 11 12 |
---------------+-------------------------------------+-----
Dodging        | 3 4 6 7 9 10 11 12 | 12.0
Conjurations   | 5 6 7 8 10 12 13 15 | 15.2
Spellcasting   | 4 5 6 8 10 11 12 13 | 13.0
Stealth        | |  2.4

Action                   |  1- 3 |  4- 6 |  7- 9 | 10-12 || total
-------------------------+-------+-------+-------+-------++-------
Melee: Unarmed           |     7 |    19 |       |       ||    26
       Dagger            |       |     3 |   221 |    89 ||   313
       Demon whip        |       |       |       |    76 ||    76
       Staff             |       |       |       |     1 ||     1
 Cast: Magic Dart        |    64 |    88 |   137 |   102 ||   391
       Searing Ray       |     3 |    24 |    65 |   106 ||   198
       Iskenderun's Myst |       |     2 |     9 |    17 ||    28
       Force Lance       |       |       |    13 |    31 ||    44
Invok: Divine Energy     |       |       |       |     1 ||     1
       Stop Divine Energ |       |       |       |     1 ||     1
  Use: Scroll            |       |     7 |     2 |    14 ||    23
       Potion            |       |     3 |     1 |     8 ||    12
 Stab: Sleeping          |     1 |       |    10 |     1 ||    12
  Eat: Chunk             |       |     7 |    14 |    18 ||    39
       Ration            |       |       |     1 |       ||     1
Armor: Robe              |     1 |    14 |    14 |    30 ||    59
       Skin              |       |     5 |       |       ||     5
Dodge: Dodged            |     8 |    48 |   188 |   305 ||   549
Block: Other             |       |    14 |    52 |    61 ||   127
       Reflection        |       |     1 |       |     3 ||     4

Table legend:
 A = Non-vault XP
 B = Vault XP
 C = Vault XP percentage of total XP
 D = Non-vault monster count
 E = Vault monster count
 F = Vault count percentage of total count
                 A         B        C        D         E       F
            +---------+---------+-------+---------+---------+-------
      Total |   15147 |    8836 |  36.8 |     266 |     164 |  38.1
            +---------+---------+-------+---------+---------+-------
        D:1 |      25 |       6 |  19.4 |      15 |       2 |  11.8
        D:2 |     203 |       6 |   2.9 |      38 |       2 |   5.0
        D:3 |     285 |     845 |  74.8 |      31 |      64 |  67.4
        D:4 |     350 |     870 |  71.3 |      16 |       3 |  15.8
        D:5 |     481 |       0 |   0.0 |      12 |       0 |   0.0
        D:6 |     411 |     128 |  23.7 |      23 |       6 |  20.7
        D:7 |     367 |     400 |  52.2 |      10 |       3 |  23.1
        D:8 |    1898 |    2102 |  52.5 |      18 |       2 |  10.0
        D:9 |    1878 |    2467 |  56.8 |      21 |      39 |  65.0
       D:10 |    2733 |    1116 |  29.0 |      25 |       4 |  13.8
       D:11 |    1688 |     635 |  27.3 |      26 |       4 |  13.3
       D:12 |    2469 |       0 |   0.0 |      18 |       0 |   0.0
     Lair:1 |    1634 |       0 |   0.0 |       7 |       0 |   0.0
      Orc:1 |     725 |       0 |   0.0 |       6 |       0 |   0.0
    Ossuary |       0 |     261 | 100.0 |       0 |      35 | 100.0
            +---------+---------+-------+---------+---------+-------
